 Seeded DCSS version 0.30.1-9-gdf580d7c3d (webtiles) character file.

Game seed: 7229806256980976716 (custom seed)

1108 Psyclone the Geomancer (level 8, 62/62 HPs)
             Began as a Meteoran Earth Elementalist on Oct 17, 2023.
             Was an Initiate of Ashenzari.
             Quit the game on level 4 of the Dungeon.
             The game lasted 00:00:50 (1285 turns).

Psyclone the Geomancer (MeEE)                       Turns: 1285, Time: 00:00:50

Health: 62/62      AC:  5    Str:  7    XL:     8   Next: 90%
Magic:  20/20      EV: 12    Int: 27    God:    Ashenzari [......]
Gold:   3902       SH:  0    Dex: 13    Spells: 16/22 levels left

rFire   . . .        p - staff of earth
rCold   . . .        (no shield)
rNeg    . . .        a - +0 robe
rPois   .            (no helmet)
rElec   .            (no cloak)
rCorr   .            n - +0 pair of gloves
SInv    .            (no boots)
Will    +....        (no amulet)
Stlth   +            (no ring)
HPRegen 0.30/turn    (no ring)
MPRegen 0.17/turn

%: no passive effects
@: glowing
A: sense surroundings 1, otherworldly, glowing, explore regen, iridescent scales
1, clever 2, robust 1, MP-powered wands, noise suppression
a: Renounce Religion


You were on level 4 of the Dungeon.
You worshipped Ashenzari.
Ashenzari was noncommittal.
You visited 2 branches of the dungeon, and saw 5 of its levels.
You also visited: Ossuary.

You collected 3902 gold pieces.

Inventory:

Missiles
 d - a throwing net {!f}
Armour
 a - a +0 robe (worn)
 n - a +0 pair of gloves (worn)
Magical Staves
 p - a staff of earth (weapon)
Scrolls
 c - 3 scrolls of amnesia {unknown}
 e - 4 scrolls of identify {unknown}
 f - 2 scrolls of blinking {unknown}
 h - 2 scrolls of enchant armour {unknown}
 l - a scroll of poison {unknown}
 t - 3 scrolls of vulnerability {unknown}
 u - 2 scrolls of magic mapping {unknown}
 w - 2 scrolls of silence {unknown}
 y - a scroll of butterflies {unknown}
 z - a scroll of fog {unknown}
Potions
 b - a potion of magic
 g - 2 potions of might {unknown}
 i - 5 potions of curing {unknown}
 j - a potion of invisibility {unknown}
 k - a potion of brilliance {unknown}
 m - a potion of mutation
 o - 2 potions of cancellation {unknown}
 q - 4 potions of attraction {unknown}
 r - 2 potions of flight {unknown}
 s - a potion of heal wounds {unknown}
 v - a potion of degeneration {unknown}
 x - a potion of berserk rage {unknown}
 A - a potion of ambrosia {unknown}


   Skills:
 - Level 2.4 Dodging
 - Level 1.4 Stealth
 * Level 7.7 Spellcasting
 + Level 5.1 Transmutations
 * Level 8.1 Earth Magic


You had 16 spell levels left.
You knew the following spells:

 Your Spells              Type           Power      Damage    Failure   Level
a - Sandblast             Erth           100%       2d20      1%          1
b - Passwall              Tmut/Erth      51%        N/A       1%          2
c - Stone Arrow           Conj/Erth      96%        3d13      3%          3

Your spell library contained the following spells:

 Spells                   Type           Power      Damage    Failure   Level
 Petrify                  Tmut/Erth      62%        N/A       3%          4
 Cigotuvi's Dreadful Rot  Necr/Pois/Air  20%        N/A       9%          2
 Poisonous Vapours        Pois/Air       20%        N/A       9%          2
 Mephitic Cloud           Conj/Pois/Air  10%        N/A       16%         3
 Dispel Undead            Necr           10%        3d9       47%         4
 Freezing Cloud           Conj/Ice/Air   5%         6-21      83%         5
 Death Channel            Necr           5%         N/A       100%        6


Dungeon Overview and Level Annotations

Branches:
Dungeon (4/15) Zot: 1607   Temple (1/1) D:4 Zot: 559 Ossuary (visited)

Altars:
Ashenzari
Elyvilon
Hepliaklqana
Kikubaaqudgha
Makhleb
Qazlal
Ru
Sif Muna
Wu Jian
Yredelemnul

Annotations:
D:3 3 runed translucent doors


Innate Abilities, Weirdness & Mutations

You passively map a small area around you.
You are easily found by Zot.
You glow in the dark.
You regain HP and MP as you explore.
You are partially covered in iridescent scales. (AC +2)
Your mind is very acute. (Int +8, Str/Dex -2)
You are robust. (+10% HP)
You expend magic power (3 MP) to strengthen your wands.
You passively dampen the noise of your surroundings.


Message History

There is a gate leading back out of this place here.
You regained 3 hp, and now have 59/62 hp.
You regained 2 mp, and now have 15/20 mp.
Welcome back to the Dungeon!
You feel Zot lose track of you.
There is a collapsed entrance here.
There is an open door here.
There is a staircase to the Ecumenical Temple here.
Health restored: 62 You regained 2 mp, and now have 17/20 mp.
You climb downwards.
Welcome to the Ecumenical Temple!
Magic restored.
Found three altars.
There is a staircase back to the Dungeon here.
MP restored: 20
There is an ornate altar of the Wu Jian Council here.
Casting: Sandblast (safe; 1% risk of failure)
Confirm with . or Enter, or press ? or * to list all spells.
Aiming: Passwall (safe; 1% risk of failure)
Press: ? - help, Dir - move target A rock wall.
You feel a surge of power!
You begin to meditate on the wall.
You continue meditating on the rock. x5
You finish merging with the rock.
Found five altars.
There is a broken altar of Ashenzari here.
You kneel at the altar of Ashenzari.
Ashenzari welcomes you!
Ashenzari warns you of distant threats and treasures.
Ashenzari reveals the structure of the dungeon to you.
Ashenzari shows you where magical portals lie.
Casting: Passwall (safe; 1% risk of failure)
Confirm with . or Enter, or press ? or * to list all spells.
Aiming: Passwall (safe; 1% risk of failure)
Press: ? - help, Dir - move target A rock wall.
You feel a surge of power!
You begin to meditate on the wall.
You continue meditating on the rock. x5
You finish merging with the rock.
You now have 19/20 mp.
There is an ornate altar of the Wu Jian Council here.
There is a staircase back to the Dungeon here.
MP restored: 20 You climb upwards.
Welcome back to the Dungeon!
There is a staircase to the Ecumenical Temple here.
Are you sure you want to abandon this character and quit the game? (Confirm with "yes".)

#.......###'###.###'###..#
#.........................
#......##....####...###...
####......#..##..# ##..# #.##
#................# #..##.(##
#........##...##.# #........
#........##÷..##.# ##..##...#
#.........^......###.<.....##
#...........@.....##......# #
###..#.#.................##..
#######.##...##...##.##......##.#
......#.####.##...##.##......# .
≈.8.≈...# ##.........#..##.###.#
≈...≈...###..#####.#...###.###.##
≈≈.≈≈..)....## ....### #.#.....
≈≈.≈≈....####* ####.. #.#.#..#
≈≈.≈≈...## * * ###.###.....##


There were no monsters in sight!

Vanquished Creatures
  2 hornet zombies (Ossuary)
  A scorpion (D:4)
  2 wyvern zombies (Ossuary)
  2 water moccasin zombies (Ossuary)
  3 bullfrog zombies (Ossuary)
  2 centaur zombies (Ossuary)
  A jelly (D:2)
  A sleepcap (D:4)
  3 killer bee zombies (Ossuary)
  16 mummies
  2 howler monkey zombies (Ossuary)
  3 adders
  A worm (D:3)
  2 ball pythons
  2 bats
  An endoplasm (D:2)
  4 giant cockroaches
  A goblin (D:4)
  4 hobgoblins
  6 jackals
  A kobold (D:4)
  2 quokkas
  A frilled lizard (D:1)
  A goblin zombie (D:4)
  An orc zombie (D:4)
  3 rats
68 creatures vanquished.

Notes
Turn   | Place    | Note
-------+----------+-------------------------------------------
     0 | D:1      | Psyclone the Meteoran Earth Elementalist began the quest
                  | for the Orb.
     0 | D:1      | Reached XP level 1. HP: 14/14 MP: 5/5
    64 | D:1      | Identified 3 scrolls of acquirement
    64 | D:1      | Acquired 1248 gold pieces
    65 | D:1      | Acquired 1275 gold pieces
    88 | D:1      | Acquired 1252 gold pieces
   159 | D:1      | Reached XP level 2. HP: 20/20 MP: 3/6
   193 | D:1      | Gained mutation: You are partially covered in iridescent
                  | scales. (AC +2) [potion of mutation]
   193 | D:1      | Gained mutation: You expend magic power (3 MP) to
                  | strengthen your wands. [potion of mutation]
   193 | D:1      | Gained mutation: You have hidden genetic potential. [potion
                  | of mutation]
   193 | D:1      | Gained mutation: You have great hidden genetic potential.
                  | [potion of mutation]
   282 | D:2      | Reached skill level 4 in Earth Magic
   301 | D:2      | Reached XP level 3. HP: 26/26 MP: 6/8
   325 | D:2      | Reached XP level 4. HP: 33/33 MP: 5/10
   328 | D:2      | Learned a level 2 spell: Passwall
   328 | D:2      | Gained mutation: You passively dampen the noise of your
                  | surroundings. [hidden potential]
   332 | D:2      | Learned a level 3 spell: Stone Arrow
   460 | D:3      | Found a runed translucent gate.
   460 | D:3      | Found a runed translucent gate.
   460 | D:3      | Found a runed translucent gate.
   527 | D:4      | Noticed a scorpion
   532 | D:4      | Killed a scorpion
   533 | D:4      | Reached skill level 5 in Earth Magic
   533 | D:4      | Reached XP level 5. HP: 38/38 MP: 8/12
   534 | D:4      | Gained mutation: You are robust. (+10% HP) [hidden
                  | potential]
   534 | D:4      | Lost mutation: You have great hidden genetic potential.
                  | [hidden potential expressed]
   588 | D:4      | Found a white marble altar of Elyvilon.
   600 | D:4      | Reached XP level 6. HP: 49/49 MP: 12/14
   676 | D:4      | Found a staircase to the Ecumenical Temple.
   692 | D:4      | Found a stormy altar of Qazlal.
   750 | D:4      | Found a sand-covered staircase.
   755 | Ossuary  | Entered an ossuary
   763 | Ossuary  | Reached skill level 5 in Spellcasting
   772 | Ossuary  | Gained mutation: Your mind is acute. (Int +4, Str/Dex -1)
                  | [hidden potential]
   776 | Ossuary  | Reached skill level 6 in Earth Magic
   776 | Ossuary  | Reached XP level 7. HP: 44/55 MP: 6/16
   904 | Ossuary  | Gained mutation: Your mind is very acute. (Int +8, Str/Dex
                  | -2) [hidden potential]
   904 | Ossuary  | Lost mutation: You have hidden genetic potential. [hidden
                  | potential expressed]
   970 | Ossuary  | Reached skill level 7 in Earth Magic
   970 | Ossuary  | Reached XP level 8. HP: 52/62 MP: 4/18
  1209 | Ossuary  | Reached skill level 5 in Transmutations
  1209 | Ossuary  | Reached skill level 8 in Earth Magic
  1214 | Ossuary  | Glimpsed the power of Zot.
  1243 | Temple   | Entered the Ecumenical Temple
  1263 | Temple   | Became a worshipper of Ashenzari the Shackled
  1285 | D:4      | Quit the game

Illustrated notes

Levels and vault maps discovered:
D:1:      spicycebolla_arrival_ecumenical, layout_loops_ring
D:2:      layout_basic
D:3:      layout_rooms, mainiacjoe_overflow_paths, gammafunk_ghost_necromancy
D:4:      layout_rooms, tso_metal_star, mainiacjoe_overflow_catwalk,
          elyvilon_altar_5, minmay_temple_entry_stoned_glass,
          nicolae_ossuary_entry_giza, minmay_misc_feat_square, minivault_4
Temple:   kb_temple_of_zot

Skill      XL: |  1  2  3  4  5  6  7  8 |
---------------+-------------------------+-----
Spellcasting   | 3 4 5 6 7 |  7.7
Earth Magic    | 4 5 6 7 8 |  8.1
Transmutations | 2 3 4 5 |  5.1
Dodging        | |  2.4
Stealth        | |  1.4

Action                     |  1- 3 |  4- 6 |  7- 9 || total
---------------------------+-------+-------+-------++-------
   Cast: Sandblast         |    13 |    41 |    55 ||   109
         Passwall          |       |     4 |     2 ||     6
    Use: Scroll            |     3 |       |       ||     3
         Potion            |     1 |       |       ||     1
 Armour: Robe              |       |     3 |    10 ||    13
  Dodge: Dodged            |     1 |     3 |    17 ||    21
